 Dungeon Sprint DCSS version 0.30-a0-626-gd6a5dd7a1f (webtiles) character file.

Game seed: 8076680873682835112

3300000 NinjaNoafa the Axe Maniac (level 21, -12/183 HPs)
             Began as an Octopode Cinder Acolyte on Jan 11, 2023.
             Was the Champion of Makhleb.
             Mangled by a large bag of meat
             ... wielding a +9 giant spiked club
              (31 damage)
             ... in the Dungeon (Sprint VIII: "Arena of Blood").
             The game lasted 00:01:10 (33 turns).

NinjaNoafa the Axe Maniac (Octopode Cinder Acolyte)   Turns: 33, Time: 00:01:10

Health: -12/183    AC:  1    Str: 14    XL:     21   Next: 68%
Magic:  9/52       EV: 29    Int: 18    God:    Makhleb [******]
Gold:   0          SH:  0    Dex: 16    Spells: 74/74 levels left

rFire   . . .      SeeInvis .    h - +∞ Axe of Woe
rCold   . . .      Faith    .    (shield currently unavailable)
rNeg    . . .      Spirit   .    (helmet restricted)
rPois   .          Reflect  .    (no amulet)
rElec   .          Harm     .    (no ring)
rCorr   .          Rampage  .    (no ring)
Will    +....      NoTele   +    (no ring) Stlth *+++++++++
                                 (no ring)
HPRegen 0.50/turn                (no ring)
MPRegen 0.33/turn                (no ring)
                                 (no ring)
                                 (no ring)

@: fire susceptible
A: almost no armour, amphibious, 8 rings, camouflage 1, gelatinous body 1,
(nimble swimmer 1), tentacles
a: Renounce Religion, Minor Destruction, Lesser Servant of Makhleb, Major
Destruction, Greater Servant of Makhleb


You were in the Dungeon.
You worshipped Makhleb.
Makhleb was exalted by your worship.
You visited 1 branch

Inventory:

Hand Weapons
 a - a -1 hand axe of flaming
 h - the +∞ Axe of Woe (weapon)
   (You found it in the Dungeon)
Jewellery
 i - a +30 ring of slaying
Potions
 b - a potion of curing
 c - a potion of heal wounds
 d - a potion of haste
 e - 2 potions of magic
 f - a potion of berserk rage


   Skills:
 O Level 27 Fighting
 + Level 7.8(9.3) Short Blades
 + Level 7.8(9.3) Long Blades
 O Level 27 Axes
 + Level 7.8(19.9) Maces & Flails
 + Level 7.8(19.9) Polearms
 + Level 7.8(10.5) Staves
 + Level 7.8 Ranged Weapons
 + Level 7.8 Throwing
 O Level 27 Dodging
 O Level 27 Stealth
 + Level 7.8 Shields
 O Level 27 Unarmed Combat
 O Level 27 Spellcasting
 + Level 7.8 Conjurations
 + Level 8.5 Hexes
 + Level 7.8 Summonings
 + Level 7.8 Necromancy
 + Level 7.8 Translocations
 + Level 7.8 Transmutations
 O Level 27 Fire Magic
 + Level 7.8 Ice Magic
 + Level 8.5 Air Magic
 + Level 8.5 Earth Magic
 + Level 10.2 Poison Magic
 O Level 27 Invocations
 + Level 9.3 Evocations


You had 74 spell levels left.
You didn't know any spells.
Your spell library contained the following spells:

 Spells                   Type           Power      Damage    Failure   Level
 Scorch                   Fire           100%       2d10      0%          2


Dungeon Overview and Level Annotations

Branches:
Dungeon (1/1)

Altars:
Makhleb


Innate Abilities, Weirdness & Mutations

You cannot wear most types of armour.
You are amphibious.
You can wear up to eight rings at the same time.
Your skin changes colour to match your surroundings (Stealth+).
Your rubbery body absorbs attacks. (AC +1, EV +1)
((You are camouflaged when in or above water. (Stealth+)))
You have tentacles for arms and can constrict up to eight enemies at once.


Message History

Your Evocations skill gained 5 levels and is now at level 8!
You have reached level 21!
Your experience leads to an increase in your attributes!
Increase (S)trength, (I)ntelligence, or (D)exterity?
You feel agile. x2
You slash the meat berserker!
You slaughter the meat berserker joyfully.
You kill the meat berserker!
Makhleb accepts your kill.
You are engulfed in blazing flames.
You hear a shout! x2
The meat berserker rages.
You hear a shout! x3
Your base Short Blades skill increases to level 7!
Your base Long Blades skill increases to level 7!
Your base Maces & Flails skill increases to level 7!
Your base Polearms skill increases to level 7!
Your base Staves skill increases to level 7!
Your Ranged Weapons skill increases to level 7!
Your Throwing skill increases to level 7!
Your Shields skill increases to level 7!
Your Conjurations skill increases to level 7!
Your Hexes skill increases to level 8!
Your Summonings skill increases to level 7!
Your Necromancy skill increases to level 7!
Your Translocations skill increases to level 7!
Your Transmutations skill increases to level 7!
Your Ice Magic skill increases to level 7!
Your Air Magic skill increases to level 8!
Your Earth Magic skill increases to level 8!
Your Poison Magic skill increases to level 10!
Your Evocations skill increases to level 9!
You are engulfed in blazing flames.
You hear a shout! x5
The meat berserker is engulfed in blazing flames.
The meat berserker hits you with a +9 battleaxe!!!
The large bag of meat hits you with a +9 giant spiked club!!!
* * * LOW HITPOINT WARNING * * *
The large bag of meat hits you with a +9 giant spiked club!!
You die...

...###.......###.
.....#.......#...
...#.......#...
.......o.......
...............
..z..Oo.......#
......)O)...#
...#...§O)o.#.
.....§O@Oo.#
.##.#.§§o.oo...
.........o....
#....#.....####
.....z.......
..............
.......=.......
###############


You could see 2 sculptors of flesh, 2 large bags of meat, 3 meat berserkers and
8 bags of meat.

Vanquished Creatures
  3 vampire knights (D)
  10 ogres (D)
  A two-headed ogre (D)
  28 orcs (D)
42 creatures vanquished.

Notes
Turn   | Place    | Note
-------+----------+-------------------------------------------
     0 | D        | Found the +∞ Axe of Woe
     0 | D        | NinjaNoafa the Octopode Cinder Acolyte began the quest for
                  | the Orb.
     0 | D        | Reached XP level 1. HP: 16/16 MP: 2/2
     1 | D        | Noticed a bag of meat
     2 | D        | Killed a bag of meat
     2 | D        | Noticed a bag of meat
     2 | D        | Noticed a bag of meat
     2 | D        | Noticed a bag of meat
     2 | D        | Noticed a bag of meat
     3 | D        | Reached XP level 2. HP: 36/36 MP: 2/15
     3 | D        | Reached XP level 3. HP: 41/41 MP: 2/16
     3 | D        | Reached XP level 4. HP: 47/47 MP: 2/18
     3 | D        | Reached XP level 5. HP: 53/53 MP: 2/19
     3 | D        | Reached XP level 6. HP: 59/59 MP: 2/21
     3 | D        | Reached XP level 7. HP: 64/64 MP: 2/22
     3 | D        | Reached XP level 8. HP: 71/71 MP: 2/24
     3 | D        | Reached XP level 9. HP: 76/76 MP: 2/25
     3 | D        | Reached XP level 10. HP: 82/82 MP: 2/26
     3 | D        | Reached XP level 11. HP: 88/88 MP: 2/27
     3 | D        | Noticed a bag of meat
     4 | D        | Noticed a bag of meat
     4 | D        | Noticed a meat berserker
     5 | D        | Noticed a bag of meat
     6 | D        | Killed a bag of meat
     6 | D        | Noticed a meat berserker
     6 | D        | Noticed a bag of meat
     7 | D        | Reached skill level 15 in Fighting
     7 | D        | Reached skill level 15 in Axes
     7 | D        | Reached skill level 15 in Fire Magic
     7 | D        | Reached XP level 12. HP: 63/99 MP: 2/30
     7 | D        | Noticed a bag of meat
     8 | D        | Killed a meat berserker
     9 | D        | Reached XP level 13. HP: 70/109 MP: 3/33
     9 | D        | Killed a bag of meat
    10 | D        | Killed a bag of meat
    10 | D        | Killed a bag of meat
    11 | D        | Reached XP level 14. HP: 79/121 MP: 3/36
    12 | D        | Killed a bag of meat
    13 | D        | Killed a meat berserker
    13 | D        | Killed a bag of meat
    13 | D        | Killed a bag of meat
    14 | D        | Reached XP level 15. HP: 88/133 MP: 4/40
    17 | D        | Reached XP level 16. HP: 96/143 MP: 5/42
    19 | D        | Fell from the grace of Ignis
    19 | D        | Became a worshipper of Makhleb the Destroyer
    20 | D        | Noticed a meat berserker
    21 | D        | Noticed a meat berserker
    21 | D        | Noticed a meat berserker
    22 | D        | Noticed a meat berserker
    22 | D        | Noticed a meat berserker
    22 | D        | Noticed a destroyer
    22 | D        | Noticed a meat berserker
    22 | D        | Noticed a destroyer
    23 | D        | Noticed a meat berserker
    23 | D        | Noticed a meat berserker
    24 | D        | Noticed a meat berserker
    24 | D        | Noticed a large bag of meat
    24 | D        | Noticed a meat berserker
    24 | D        | Noticed a destroyer
    24 | D        | Noticed a large bag of meat
    25 | D        | Noticed a meat berserker
    25 | D        | Killed a meat berserker
    26 | D        | Reached * piety under Makhleb
    26 | D        | Killed a meat berserker
    26 | D        | Killed a meat berserker
    26 | D        | Reached ** piety under Makhleb
    26 | D        | Killed a large bag of meat
    26 | D        | Noticed a large bag of meat
    27 | D        | Reached skill level 27 in Fighting
    27 | D        | Reached skill level 27 in Axes
    27 | D        | Reached skill level 27 in Spellcasting
    27 | D        | Reached skill level 27 in Fire Magic
    27 | D        | Reached XP level 17. HP: 97/156 MP: 7/48
    27 | D        | Killed a destroyer
    27 | D        | Reached *** piety under Makhleb
    27 | D        | Killed a destroyer
    27 | D        | Reached **** piety under Makhleb
    28 | D        | Reached skill level 27 in Stealth
    28 | D        | Reached XP level 18. HP: 67/163 MP: 8/49
    28 | D        | Killed a meat berserker
    28 | D        | Killed a meat berserker
    28 | D        | Reached ***** piety under Makhleb
    28 | D        | Killed a meat berserker
    29 | D        | Reached XP level 19. HP: 161/170 MP: 8/50
    29 | D        | Reached XP level 20. HP: 168/177 MP: 8/51
    30 | D        | Killed a destroyer
    30 | D        | Reached ****** piety under Makhleb
    31 | D        | Reached skill level 27 in Dodging
    31 | D        | Reached skill level 27 in Unarmed Combat
    31 | D        | Reached skill level 27 in Invocations
    31 | D        | Killed a meat berserker
    32 | D        | Reached XP level 21. HP: 172/183 MP: 8/52
    32 | D        | Killed a meat berserker
    33 | D        | Reached skill level 10 in Poison Magic
    33 | D        | Mangled by a large bag of meat

Illustrated notes

Levels and vault maps discovered:
D:        meatsprint

Skill      XL: |  1  2  3  4  5  6  7  8  9 10 11 12 13 14 15 16 17 18 19 20 21 |
---------------+----------------------------------------------------------------+-----
Fighting       | 13 15 17 20 22 23 27 | 27.0
Axes           | 13 15 17 20 22 23 27 | 27.0
Spellcasting   | 12 14 16 18 21 22 27 | 27.0
Fire Magic     | 13 15 17 20 22 23 27 | 27.0
Stealth        | 21 27 | 27.0
Dodging        | 14 22 27 | 27.0
Unarmed Combat | 14 22 27 | 27.0
Invocations    | 16 24 27 | 27.0
Short Blades   | 6 7 |  7.8
Long Blades    | 6 7 |  7.8
Maces & Flails | 6 7 |  7.8
Polearms       | 6 7 |  7.8
Staves         | 6 7 |  7.8
Ranged Weapons | 6 7 |  7.8
Throwing       | 6 7 |  7.8
Shields        | 6 7 |  7.8
Conjurations   | 6 7 |  7.8
Hexes          | 7 8 |  8.5
Summonings     | 6 7 |  7.8
Necromancy     | 6 7 |  7.8
Translocations | 6 7 |  7.8
Transmutations | 6 7 |  7.8
Ice Magic      | 6 7 |  7.8
Air Magic      | 7 8 |  8.5
Earth Magic    | 7 8 |  8.5
Poison Magic   | 9 10 | 10.2
Evocations     | 8 9 |  9.3

Action                   |  1- 3 |  4- 6 |  7- 9 | 10-12 | 13-15 | 16-18 | 19-21 || total
-------------------------+-------+-------+-------+-------+-------+-------+-------++-------
Melee: Executioner's axe |     1 |       |       |     2 |     6 |     4 |     4 ||    17
  Use: Scroll            |       |       |       |       |       |     1 |       ||     1

Table legend: (Time is in decaauts)
 A = Elapsed time spent in this place.
 B = Non-inter-level travel time spent in this place.
 C = Inter-level travel time spent in this place.
 D = Time resting spent in this place.
 E = Time spent auto-exploring this place.
 F = Levels seen in this place.
 G = Mean time per level.
                   A        B        C        D        E       F      G
               +--------+--------+--------+--------+--------+-----+--------+
         Total |     30 |     30 |      0 |      0 |      0 |   1 |   30.0 |
       Dungeon |     30 |     30 |      0 |      0 |      0 |   1 |   30.0 |
               +--------+--------+--------+--------+--------+-----+--------+

Top non-repeatable levels by time:
       D: 30 daAuts
